AoeStats
← BenJames

Arena

506556774Analyzed
4v4 RM · 17d ago on Sep 14, 2026· 38m 15s· 8 players
Game mode
Random Map
Map size
Large (8 player)
Population
200
Speed
Normal
Resources
Standard
Victory
Conquest
Starting age
Dark Age
Ending age
Imperial Age
RankedLock teamsTeams togetherTeam positionsShared explorationLock speedFull tech treeHidden civsTurbo modeCheats
Victory
Defeat
🇦🇷 Romans · Argentina
1188
+14
🇨🇳 Khmer · China
1166
+14
🇦🇷 Aztecs · Argentina
1157
+15
🇺🇸 Hindustanis · United States
1097
+18
🇨🇴 Turks · Colombia
1162
-16
🇺🇸 Persians · United States
1143
-16
🇺🇸 Bulgarians · United States
1143
-16
🇨🇦 Burgundians · Canada
1074
-13
Supervising Supervisor
11:47 Feudal Age
10:05 Loom
13:07 Wheelbarrow
13:32 Double-Bit Axe
13:32 Horse Collar
18:18 Castle Age
21:31 Bloodlines
27:25 Hand Cart
28:19 Caravan
32:50 Imperial Age
31:42 Husbandry
31:57 Forging
31:52 Scale Barding Armor
33:16 Light Cavalry
33:17 Heavy Camel Rider
34:11 Murder Holes
34:26 Masonry
34:14 Cavalier
34:15 Light Cavalry
35:34 Savar
BuddyDudeMan
6:05 Double-Bit Axe
9:58 Feudal Age
9:07 Loom
14:20 Castle Age
12:47 Bow Saw
14:04 Gold Mining
16:27 Gold Shaft Mining
22:16 Two-Man Saw
21:12 Horse Collar
22:05 Atonement
23:59 Redemption
24:10 Sanctity
27:19 Squires
27:04 Arson
29:33 Scale Mail Armor
29:44 Forging
36:26 Imperial Age
dannyicecold69
10:38 Feudal Age
11:57 Double-Bit Axe
15:29 Castle Age
17:51 Forging
23:32 Pikeman
26:52 Horse Collar
29:55 Bow Saw
29:50 Heavy Plow
32:49 Fletching
33:36 Iron Casting
33:01 Scale Mail Armor
BenJames
12:24 Feudal Age
12:23 Loom
13:04 Double-Bit Axe
13:01 Horse Collar
19:17 Castle Age
17:51 Gold Mining
18:36 Scale Barding Armor
20:19 Bow Saw
20:11 Heavy Plow
25:55 Imperial Age
24:46 Forging
25:23 Bloodlines
25:14 Husbandry
26:26 Gold Shaft Mining
27:23 Wheelbarrow
28:20 Two-Man Saw
28:29 Iron Casting
30:05 Conscription
30:19 Heavy Camel Rider
32:15 Blast Furnace
35:11 Hand Cart
37:58 Chain Barding Armor
帝国小菜鸡
10:54 Feudal Age
15:00 Castle Age
12:57 Double-Bit Axe
13:04 Horse Collar
16:20 Bow Saw
19:37 Wheelbarrow
21:59 Heavy Plow
24:27 Hand Cart
24:11 Gold Mining
24:20 Loom
28:16 Imperial Age
26:18 Forging
26:57 Grand Trunk Road
27:04 Squires
27:54 Gold Shaft Mining
27:10 Stone Mining
27:30 Scale Barding Armor
27:48 Devotion
28:24 Iron Casting
28:22 Bloodlines
28:55 Husbandry
29:17 Chain Barding Armor
30:32 Blast Furnace
29:53 Conscription
29:55 Scale Mail Armor
30:01 Heavy Camel Rider
31:53 Plate Barding Armor
31:16 Arson
31:20 Town Watch
32:00 Shatagni
32:06 Elite Ghulam
33:03 Chain Mail Armor
34:50 Two-Man Saw
34:29 Stone Shaft Mining
33:48 Imperial Camel Rider
37:54 Fletching
Avimsil
4:01 Loom
8:58 Loom
10:47 Feudal Age
9:39 Loom
15:13 Castle Age
13:36 Double-Bit Axe
15:44 Horse Collar
16:59 Squires
20:14 Wheelbarrow
20:43 Wheelbarrow
19:56 Town Watch
20:50 Wheelbarrow
20:57 Heavy Plow
21:22 Sanctity
21:15 Fervor
21:59 Fervor
21:48 Loom
22:39 Fervor
23:25 Atonement
25:09 Redemption
37:48 Imperial Age
35:58 Gold Mining
38:45 Gold Shaft Mining
38:48 Block Printing
Fran!
9:46 Feudal Age
13:33 Castle Age
12:06 Loom
12:26 Double-Bit Axe
20:37 Wheelbarrow
28:48 Imperial Age
29:23 Fletching
29:41 Padded Archer Armor
30:59 Squires
30:48 Pikeman
31:47 Forging
31:37 Scale Mail Armor
33:17 Iron Casting
32:37 Horse Collar
35:35 Bow Saw
35:30 Heavy Plow
34:54 Man-at-Arms
36:35 Chain Mail Armor
36:24 Long Swordsman
37:55 Town Watch
1448415732
10:41 Feudal Age
13:56 Castle Age
12:25 Double-Bit Axe
12:33 Horse Collar
16:50 Wheelbarrow
22:00 Hand Cart
22:44 Bow Saw
22:27 Gold Mining
23:03 Heavy Plow
27:44 Imperial Age
26:04 Bloodlines
25:55 Husbandry
25:54 Loom
27:10 Scale Barding Armor
27:16 Forging
28:40 Chain Barding Armor
28:07 Elite Battle Elephant
29:04 Town Watch
30:00 Iron Casting
29:58 Crop Rotation
30:03 Stone Mining
30:52 Gold Shaft Mining
31:23 Plate Barding Armor
32:20 Blast Furnace
31:11 Fletching
33:33 Conscription
34:11 Pikeman
34:55 Scale Mail Armor
34:51 Bodkin Arrow
35:46 Stone Shaft Mining
34:51 Capped Ram
35:57 Siege Ram
37:16 Chain Mail Armor
37:02 Bracer
37:39 Town Patrol
37:42 Padded Archer Armor
38:15 Coinage
37:45 Caravan
37:53 Tusk Swords
38:29 Hoardings
Connection lost

Rejoining the realm…

Still unreachable

The connection could not be restored.

Session expired

The server has moved on; the page needs a fresh start.